 Dungeon Crawl Stone Soup version 0.31.0-4-g52a2dc7128 (webtiles) character file.

Game seed: 12347290904785484547

179 nightchill the Grappler (level 5, -1/57 HPs)
             Began as a Merfolk Shapeshifter on Jan 22, 2024.
             Slain by a goblin
             ... wielding a +2 dagger of electrocution
             ... led by Robin
              (4 damage)
             ... on level 2 of the Dungeon.
             The game lasted 00:04:15 (891 turns).

nightchill the Grappler (Merfolk Shapeshifter)       Turns: 891, Time: 00:04:16

Health: -1/57      AC:  2    Str: 16    XL:     5   Next: 59%
Magic:  14/14      EV: 12    Int:  9    God:
Gold:   75         SH:  0    Dex: 14    Spells: 4/4 levels left

rFire   . .          .
                       - Unarmed
rCold   . . .        (no shield)
rNeg    . . .        a - +0 animal skin
rPois   .            (helmet currently unavailable)
rElec   .            (cloak currently unavailable)
rCorr   .            (gloves currently unavailable)
SInv    .            (boots currently unavailable)
Will    .....        (no amulet) Stlth
                     l - ring of magical power
HPRegen 0.29/turn    (no ring)
MPRegen 0.14/turn

%: no passive effects
@: berserking (expiring), beast-form, very quick
A: beast (slay +2), (nimble swimmer 2), mertail
a: Begin Untransformation


You were on level 2 of the Dungeon.
You were a hulking beast.
You visited 1 branch of the dungeon, and saw 2 of its levels.

You collected 75 gold pieces.

Inventory:

Armour
 a - a +0 animal skin (worn)
 i - a +0 pair of boots
Jewellery
 g - a ring of fire
 l - a ring of magical power (left hand)
Talismans
 c - a beast talisman
 d - a flux talisman
 j - a serpent talisman
 k - a maw talisman
Scrolls
 e - a scroll of identify {unknown}
 f - a scroll of fear {unknown}
 n - a scroll of vulnerability {unknown}
Potions
 b - a potion of lignification


   Skills:
 + Level 2.2 Fighting
 - Level 2.6 Dodging
 * Level 13.0 Unarmed Combat
 * Level 5.0 Shapeshifting


You had 4 spell levels left.
You didn't know any spells.
Your spell library was empty.

Dungeon Overview and Level Annotations

Branches:
Dungeon (2/15)

Altars:


Innate Abilities, Weirdness & Mutations

You are a hulking beast.
Your limbs bulge with bestial killing power. (Slay +2)
((You are very nimble when in or above water. (Stealth+, EV+, Speed+++)))
Your lower body shifts to a powerful aquatic tail in water.


Message History

* * * LOW HITPOINT WARNING * * *
It was a potion of berserk rage.
A red film seems to cover your vision as you go berserk!
You feel yourself moving faster!
You feel mighty! The hobgoblin barely misses you.
You pummel the hobgoblin!!
You kill the hobgoblin!
The bat hits you.
* * * LOW HITPOINT WARNING * * *
You pummel the bat!!
You kill the bat!
The hobgoblin hits you.
* * * LOW HITPOINT WARNING * * *
The goblin hits you with a +0 club.
* * * LOW HITPOINT WARNING * * *
You see here a hobgoblin corpse.
You barely miss the goblin. You hit the goblin.
You kill the goblin!
The hobgoblin closely misses you. The goblin closely misses you.
You pummel the goblin!!
You kill the goblin!
You barely miss the hobgoblin. The hobgoblin misses you.
You pummel the ribbon worm!!
You kill the ribbon worm!
The hobgoblin barely misses you.
You pummel the hobgoblin!!
You kill the hobgoblin!
An adder comes into view.
The adder hisses angrily.
The goblin hits you with a +0 dagger.
* * * LOW HITPOINT WARNING * * *
Things that are here:
a +0 dagger; a ribbon worm corpse You closely miss the goblin.
You punch the goblin.
You kill the goblin!
The goblin hits you with a +0 dagger of pain.
* * * LOW HITPOINT WARNING * * *
The goblin hits you with a +2 dagger of electrocution.
You die...

#.# #...#####...# #.#
#.)##.......# #.
##..##..# ). ..
#...)...# ###.# #..
#...##..##... ##.# ..
.......##...#.# #..(#
.
#.###.#.##.##†###.##.
.# #.#.##.#†))#g.#.#
..##
#.#.##.##.#hg##.###...
#.#.##...####..(#..#
#.##.S#..g.###..#
#.....####.#)#.##
####......#.g.#....#
#....####g##....#
#.##....B## ....#
.......g. ......
####...#. #.####.


You could see 2 goblins.

Vanquished Creatures
  Jessica (D:2)
  Robin (D:2)
  2 dart slugs (D:1)
  A ribbon worm (D:2)
  An orc (D:2)
  5 bats
  4 endoplasms
  2 giant cockroaches (D:1)
  12 goblins
  6 hobgoblins
  A kobold (D:2)
  4 quokkas (D:1)
  2 ball pythons (D:1)
  4 rats
46 creatures vanquished.

Notes
Turn   | Place    | Note
-------+----------+-------------------------------------------
     0 | D:1      | nightchill the Merfolk Shapeshifter began the quest for the
                  | Orb.
     0 | D:1      | Reached XP level 1. HP: 15/15 MP: 1/1
    52 | D:1      | Reached XP level 2. HP: 4/21 MP: 2/2
   340 | D:1      | Reached XP level 3. HP: 27/27 MP: 3/3
   400 | D:1      | Reached skill level 4 in Unarmed Combat
   738 | D:2      | Noticed Jessica
   742 | D:2      | Killed Jessica
   743 | D:2      | Reached XP level 4. HP: 15/33 MP: 4/4
   837 | D:2      | Noticed Robin
   855 | D:2      | Killed Robin
   856 | D:2      | Reached skill level 5 in Shapeshifting
   878 | D:2      | Reached skill level 13 in Unarmed Combat
   878 | D:2      | Reached XP level 5. HP: 12/38 MP: 5/5
   891 | D:2      | Slain by a goblin

Illustrated notes

Levels and vault maps discovered:
D:1:      spicycebolla_arrival_ecumenical, layout_rooms, corner_web_ring,
          minmay_fountain_box, nrook_loot_triangle
D:2:      layout_loops_ring, moated_statue, minmay_pentomino_pile, uniq_jessica,
          uniq_terence, uniq_robin

Skill      XL: |  1  2  3  4 |
---------------+-------------+-----
Unarmed Combat | 4 13 | 13.0
Fighting       | 2 |  2.2
Shapeshifting  | 5 |  5.0
Dodging        | |  2.6

Action                     |  1- 3 |  4- 6 || total
---------------------------+-------+-------++-------
  Melee: Unarmed           |    70 |    32 ||   102
         Punch             |       |     1 ||     1
    Use: Potion            |       |     2 ||     2
   Stab: Sleeping          |     1 |       ||     1
 Armour: Animal skin       |    30 |    23 ||    53
  Dodge: Dodged            |    27 |    22 ||    49
